 Dungeon Crawl Stone Soup version 0.17-a0-1667-g4ca74a1 (webtiles) character file.

1374 Trustington the Thaumaturge (level 8, -3/41 HPs)
             Began as a Deep Elf Conjurer on Aug 17, 2015.
             Was an Initiate of Vehumet.
             Killed from afar by an electric eel (6 damage)
             ... with a bolt of electricity
             ... on level 6 of the Dungeon.
             The game lasted 00:33:53 (7509 turns).

Trustington the Thaumaturge (Deep Elf Conjurer)     Turns: 7509, Time: 00:33:54

Health: -3/41      AC: 11    Str:  7    XL:     8   Next: 39%
Magic:  14/22      EV: 13    Int: 23    God:    Vehumet [......]
Gold:   89         SH:  0    Dex: 15    Spells: 5 memorised, 6 levels left

rFire  . . .     SeeInvis .     v - +2 dagger (flame)
rCold  . . .     Clarity  .     a - +2 robe
rNeg   . . .     SustAt   .     (no shield)
rPois  .         Gourm    +     l - +2 helmet
rElec  .         Spirit   .     s - +2 cloak
rCorr  .         Warding  .     o - +0 pair of gloves
rMut   .         Stasis   .     (no boots)
MR     .....                    m - amulet of the gourmand
Stlth  ++........               (no ring)
                                A - +2 ring of strength

@: not resistant to hostile enchantments, unstealthy
A: no striking features
a: Renounce Religion


You were on level 6 of the Dungeon.
You worshipped Vehumet.
Vehumet was noncommittal.
You were full.

You visited 2 branches of the dungeon, and saw 7 of its levels.

You collected 229 gold pieces.
You spent 140 gold pieces at shops.

Inventory:

Hand weapons
 d - a +1 short sword of venom
 e - a +0 mace of holy wrath
 v - a +2 dagger of flaming (weapon)
 B - a +3 antimagic war axe
Armour
 a - a +2 robe (worn)
 l - a +2 helmet (worn)
 o - a +0 pair of gloves (worn)
 s - a +2 cloak (worn)
Jewellery
 m - an amulet of the gourmand (around neck)
 y - an uncursed ring of ice
 A - a +2 ring of strength (left hand)
Magical devices
 f - a wand of digging (16)
 z - a wand of frost (37)
 C - a wand of enslavement (1)
Scrolls
 D - a scroll of remove curse
Potions
 g - a potion of magic
 h - 3 potions of curing
 i - a potion of cancellation {unknown}
 j - a potion of flight {unknown}
 k - a potion of berserk rage {unknown}
 n - a potion of mutation {unknown}
 p - 5 potions of agility
 r - a potion of poison {unknown}
 t - a potion of lignification {unknown}
 w - a potion of beneficial mutation {unknown}
Books
 b - a book of Conjurations

   Spells                             Type                      Level
   a - Magic Dart                     Conjuration                  1
   b - Searing Ray                    Conjuration                  2
   c - Dazzling Spray                 Conjuration/Hexes            3
   d - Fulminant Prism                Conjuration/Hexes            4
   e - Iskenderun's Mystic Blast      Conjuration                  4
   f - Iskenderun's Battlesphere      Conjuration/Charms           5
 q - an Akashic Record

   Spells                             Type                      Level
   a - Dispersal                      Translocation                6
   b - Controlled Blink               Translocation                7
   c - Malign Gateway                 Summoning/Translocation      7
   d - Disjunction                    Translocation                8
Comestibles
 c - 5 bread rations
 u - a beef jerky
 x - 3 meat rations
 E - a slice of pizza


   Skills:
 - Level 2.4 Dodging
 - Level 2.4 Stealth
 + Level 8.4 Spellcasting
 * Level 8.0 Conjurations
 - Level 6.1 Hexes
 * Level 4.3 Charms


You had 6 spell levels left.
You knew the following spells:

 Your Spells              Type           Power        Failure   Level  Hunger
a - Magic Dart            Conj           ####         1%          1    None
b - Dazzling Spray        Conj/Hex       #####...     1%          3    None
c - Iskenderun's Mystic   Conj           #####...     2%          4    ##.....
d - Fulminant Prism       Conj/Hex       #####.....   4%          4    ##.....
e - Iskenderun's Battles  Conj/Chrm      #####...     17%         5    #####..


Dungeon Overview and Level Annotations

Branches:
Dungeon (6/15)             Temple (1/1) D:5

Altars:
Dithmenos
Fedhas
Gozag
Kikubaaqudgha
Nemelex Xobeh
Ru
Sif Muna
Vehumet
Xom
Yredelemnul
Zin
The Shining One

Shops:
D:4 %


Message History

The plant is heavily damaged.
The orb of energy explodes!
The mystic blast hits the plant.
The plant is lightly damaged.
The mystic blast hits the plant.
The plant is lightly damaged.
The electric eel shoots out a bolt of lightning at you!
The bolt of electricity misses the electric eel.
The bolt of electricity hits the plant.
The bolt of electricity hits you!
* * * LOW HITPOINT WARNING * * *
The electric eel shoots out a bolt of lightning at you!
The bolt of electricity hits the plant.
The bolt of electricity hits you!
* * * LOW HITPOINT WARNING * * *
The electric eel shoots out a bolt of lightning at you!
The bolt of electricity misses the electric eel.
The bolt of electricity hits the plant.
The plant is destroyed!
The bolt of electricity hits the plant.
The bolt of electricity misses you.
The electric eel shoots out a bolt of lightning at you!
The bolt of electricity hits the plant.
The bolt of electricity hits you!
You die...

.##...##.♣P≈≈≈≈≈.≈≈≈P♣
.........P≈≈≈≈≈≈.P;≈P
........♣≈≈≈≈≈≈≈.;≈≈
.......♣≈≈≈P≈≈≈≈.≈P
####..##♣≈≈≈≈≈≈≈.P
#.)##.♣≈PP≈≈♣.♣♣
#......♣♣♣♣♣...# .
+........##....##...#
#..##....#...@......#
###..##....#..........#
.......)...'..........#
.......)...#..........#
####..##....##....##...#
#+###....#####'# ...'
+..'......... .# ..#
...#..#...........' .#
..### ##....##... #


You could see 2 electric eels.

Vanquished Creatures
  Eustachio (D:4)
  Menkaure (D:4)
  Duvessa (D:4)
  An orc warrior (D:6)
  An ice beast (D:5)
  Blork the orc (D:4)
  Dowan (D:4)
  A vampire bat (D:3)
  2 orc wizards
  4 orc priests
  Natasha (thrice) (D:3 D:6)
  4 worker ants
  3 gnolls (D:3)
  14 adders
  An adder skeleton (D:4)
  A worm (D:2)
  19 orcs
  A ball python (D:4)
  3 bat zombies (D:2)
  4 goblins
  5 hobgoblins
  14 bats
  3 giant cockroaches
  6 giant geckos
  A giant gecko skeleton (D:5)
  5 giant newts
  10 jackals
  10 kobolds
  9 rats
130 creatures vanquished.

Vanquished Creatures (others)
  A black bear (D:6)
  6 fulminant prisms
  A plant (D:6)
8 creatures vanquished.

Grand Total: 138 creatures vanquished

Notes
Turn   | Place    | Note
--------------------------------------------------------------
     0 | D:1      | Trustington the Deep Elf Conjurer began the quest for the Orb.
     0 | D:1      | Reached XP level 1. HP: 10/10 MP: 6/6
   650 | D:1      | Reached XP level 2. HP: 15/15 MP: 5/8
  1109 | D:2      | Reached skill level 5 in Conjurations
  1109 | D:2      | Reached XP level 3. HP: 19/19 MP: 6/10
  1490 | D:2      | Reached XP level 4. HP: 24/24 MP: 6/12
  1951 | D:2      | Found an ancient bone altar of Kikubaaqudgha.
  2003 | D:2      | Learned a level 3 spell: Dazzling Spray
  2008 | D:2      | Learned a level 4 spell: Iskenderun's Mystic Blast
  2013 | D:3      | Found a deep blue altar of Sif Muna.
  2056 | D:3      | Found a sacrificial altar of Ru.
  2182 | D:3      | Reached skill level 5 in Spellcasting
  2393 | D:3      | Reached XP level 5. HP: 28/28 MP: 3/14
  2517 | D:3      | Reached skill level 6 in Conjurations
  2549 | D:3      | Reached skill level 1 in Hexes
  2646 | D:3      | Noticed Natasha
  2652 | D:3      | Killed Natasha
  2768 | D:3      | Noticed Natasha
  2772 | D:3      | Killed Natasha
  2807 | D:3      | HP: 1/28 [orc priest/nerve-wracking pain (7)]
  2822 | D:3      | Noticed Natasha
  3243 | D:3      | Reached XP level 6. HP: 32/32 MP: 10/17
  3582 | D:3      | Found a shimmering altar of Xom.
  4435 | D:3      | Learned a level 4 spell: Fulminant Prism
  4528 | D:4      | Found Foisorimupn's Food Shop.
  4528 | D:4      | Noticed Duvessa
  4723 | D:4      | Noticed Dowan
  4726 | D:4      | Noticed Blork the orc
  4726 | D:4      | Killed Dowan
  4731 | D:4      | Killed Duvessa
  4731 | D:4      | Reached skill level 7 in Spellcasting
  4731 | D:4      | Reached XP level 7. HP: 36/36 MP: 2/19
  5149 | D:4      | Noticed Menkaure
  5159 | D:4      | Killed Menkaure
  5159 | D:4      | Reached skill level 5 in Hexes
  5514 | D:4      | Bought a meat ration for 70 gold pieces
  5514 | D:4      | Bought a meat ration for 70 gold pieces
  5614 | D:4      | Noticed Eustachio
  5617 | D:4      | Killed Eustachio
  5934 | D:4      | Killed Blork the orc
  6012 | D:4      | Learned a level 5 spell: Iskenderun's Battlesphere
  6046 | D:5      | Entered Level 5 of the Dungeon
  6131 | D:5      | Reached skill level 1 in Charms
  6175 | D:5      | Reached XP level 8. HP: 41/41 MP: 12/21
  6359 | D:5      | Found a staircase to the Ecumenical Temple.
  6370 | Temple   | Entered the Ecumenical Temple
  6462 | Temple   | Became a worshipper of Vehumet
  6528 | D:5      | Reached skill level 8 in Spellcasting
  7459 | D:6      | Killed Natasha
  7509 | D:6      | Killed from afar by an electric eel

Vault maps used:
D:1:      minmay_arrival_semitransparent
D:2:      lemuel_zombie_altar_kikubaaqudgha
D:3:      tgw_xom, old_standard_altar, roderic_batcave, minmay_misc_feat_alley,
          minivault_23, nicolae_ru_sacrificial_ziggurat, uniq_natasha
D:4:      serial_shops, shop_fountains, first_bread, uniq_menkaure,
          uniq_duvessa, uniq_blork_the_orc, uniq_eustachio
D:5:      minmay_temple_entry_glassed_door
D:6:      elyvilon_altar_5, serial_bayou_lagoon_b
Temple:   cyrus_temple_forest_13

Action                   |  1- 3 |  4- 6 |  7- 9 || total
-------------------------+-------+-------+-------++-------
Melee: Dagger            |       |     4 |       ||     4
 Cast: Magic Dart        |    55 |   151 |    49 ||   255
       Iskenderun's Myst |       |    14 |    25 ||    39
       Fulminant Prism   |       |     2 |     4 ||     6
Evoke: Wand              |       |       |     8 ||     8
  Use: Scroll            |     3 |     6 |     9 ||    18
       Potion            |       |       |     1 ||     1
  Eat: Chunk             |    11 |    11 |     9 ||    31
